 Dungeon Crawl Stone Soup version 0.31.0-4-g52a2dc7128 (webtiles) character file.

Game seed: 16956034187947064386

18 stipulation the Ruffian (level 2, -2/26 HPs)
             Began as a Ghoul Monk on Jan 23, 2024.
             Slain by a kobold
             ... wielding a +0 whip
              (3 damage)
             ... on level 1 of the Dungeon.
             The game lasted 00:00:15 (270 turns).

stipulation the Ruffian (Ghoul Monk)                 Turns: 270, Time: 00:00:15

Health: -2/26      AC:  2    Str: 14    XL:     2   Next: 66%
Magic:  2/2        EV: 12    Int:  9    God:
Gold:   0          SH:  0    Dex: 11    Spells: 1/1 levels left

rFire   . .          .
                       - Unarmed
rCold   + . .        c - orb {light}
rNeg    + + +        a - +0 robe
rPois   ∞            (no helmet)
rElec   .            (no cloak)
rCorr   .            (no gloves)
SInv    .            (no boots)
Will    .....        (no amulet)
Stlth   +            (no ring)
HPRegen 0.00/turn    (no ring)
MPRegen 0.08/turn

%: no passive effects
@: inhibited regen, glowing
A: claws 1, cold resistance 1, negative energy resistance 3, inhibited
regeneration, torment resistance 2, devour on kill
a: no special abilities


You were on level 1 of the Dungeon.
You visited 1 branch of the dungeon, and saw 1 of its levels.

Inventory:

Armour
 a - a +0 robe (worn)
 c - an orb of light (worn)
Scrolls
 e - a scroll of noise {unknown}
 f - a scroll of immolation {unknown}
Potions
 b - a potion of ambrosia
 d - a potion of haste {unknown}
 g - a potion of cancellation {unknown}


   Skills:
 - Level 3.2 Fighting
 - Level 2.6 Dodging
 + Level 4.3 Unarmed Combat


You had one spell level left.
You didn't know any spells.
Your spell library was empty.

Dungeon Overview and Level Annotations

Branches:
Dungeon (1/15)

Altars:


Innate Abilities, Weirdness & Mutations

You are immune to poison.
You have sharp fingernails.
Your flesh is cold resistant. (rC+)
You are immune to negative energy. (rN+++)
You do not regenerate when monsters are visible.
You are immune to unholy pain and torment.
You thrive by killing the living.


Message History

The hobgoblin hits you. The rat attacks as it pursues you!
The rat barely misses you.
You barely miss the rat. The rat barely misses you.
You scratch the rat.
You kill the rat!
You closely miss the frilled lizard.
The frilled lizard bites you but does no damage.
You claw the frilled lizard!
You kill the frilled lizard!
The hobgoblin hits you.
You claw the kobold!
You kill the kobold!
The hobgoblin hits you but does no damage.
A kobold comes into view. It is wielding a +0 whip.
The hobgoblin hits you.
Things that are here:
a +0 club; a rat corpse The kobold shouts!
The endoplasm freezes you.
You are frozen.
You resist.
* * * LOW HITPOINT WARNING * * *
The hobgoblin attacks as it pursues you!
The hobgoblin barely misses you.
A ball python comes into view.
The ball python hisses angrily.
The endoplasm hits you.
* * * LOW HITPOINT WARNING * * *
The hobgoblin attacks as it pursues you!
The hobgoblin hits you.
* * * LOW HITPOINT WARNING * * *
The kobold hits you but does no damage.
The endoplasm attacks as it pursues you!
The endoplasm hits you.
* * * LOW HITPOINT WARNING * * *
The kobold closely misses you. The kobold attacks as it pursues you!
The kobold closely misses you.
The endoplasm attacks as it pursues you!
The endoplasm misses you. The kobold attacks as it pursues you!
The kobold hits you with a +0 whip.
You die...

.......)........#
##...##..####...#
##.#.##.#####...##
##.#.##.##.......#
##..>........#.#.#
####.###.###.....## .
.....# #.# #......###..#
########.###.S##........
#.[.)...g.K@.#
#.#.#..#.J#..#
#..#.........#
#.#.#..>....##
...........###
#.###.#####.# #. ## ....
# .....


You could see an endoplasm, a hobgoblin, a ball python and a kobold.

Vanquished Creatures
  2 ball pythons (D:1)
  2 bats (D:1)
  3 endoplasms (D:1)
  A giant cockroach (D:1)
  2 goblins (D:1)
  2 kobolds (D:1)
  A frilled lizard (D:1)
  4 rats (D:1)
17 creatures vanquished.

Notes
Turn   | Place    | Note
-------+----------+-------------------------------------------
     0 | D:1      | stipulation the Ghoul Monk began the quest for the Orb.
     0 | D:1      | Reached XP level 1. HP: 19/19 MP: 1/1
   107 | D:1      | Reached XP level 2. HP: 21/26 MP: 2/2
   150 | D:1      | Reached skill level 4 in Unarmed Combat
   267 | D:1      | HP: 1/26 [endoplasm (1)]
   270 | D:1      | Slain by a kobold

Illustrated notes

Levels and vault maps discovered:
D:1:      dpeg_arrival_solitude, layout_loops_cross

Skill      XL: |  1  2 |
---------------+-------+-----
Unarmed Combat | 4 |  4.3
Fighting       | |  3.2
Dodging        | |  2.6

Action                     || total
---------------------------++-------
  Melee: Unarmed           ||    32
 Armour: Robe              ||    29
  Dodge: Dodged            ||    25
